 Dungeon Crawl Stone Soup version 0.17-a0-2098-gf59d6bc (webtiles) character file.

365906 Geeful the Cloud Mage (level 22, -7/128 HPs)
             Began as a Tengu Air Elementalist on Oct 8, 2015.
             Was the Champion of Vehumet.
             Killed by divine providence
             ... invoked by a balrug
              (13 damage)
             ... on level 1 of the Depths on Oct 17, 2015.
             The game lasted 09:22:50 (85109 turns).

Geeful the Cloud Mage (Tengu Air Elementalist)     Turns: 85109, Time: 09:22:51

Health: -7/128     AC: 22    Str: 11    XL:     22   Next: 55%
Magic:  6/46       EV: 18    Int: 30    God:    Vehumet [******]
Gold:   2860       SH:  8    Dex: 15    Spells: 15 memorised, 3 levels left

rFire  . . .     SeeInvis +     a - staff of energy
rCold  + + .     Clarity  .     p - +4 ring mail of the Guild-Master {MR+ Regen+}
rNeg   . . .     SustAt   .     g - +1 buckler of Kikubaaqudgha's Whim {rPois rC+}
rPois  +         Gourm    .     K - +2 hat
rElec  .         Spirit   .     J - +2 cloak
rCorr  +         Warding  .     i - +2 pair of gloves {Str+3}
rMut   .         Stasis   .     (boots unavailable)
MR     +++..                    f - amulet of resist corrosion
Stlth  +.........               m - ring of protection from magic
                                w - ring "Sono Ufu" {rC+ EV+3 Int+4 SInv}

@: flying quickly and evasively, studying Dodging, repel missiles, quick,
extremely resistant to hostile enchantments, very unstealthy
A: beak, talons 3, clever 1, clumsy 1, sense surroundings 1, shaggy fur 1, able
to fly 2
a: Stop Flying, Renounce Religion
}: 2/15 runes: decaying, gossamer


You were on level 1 of the Depths.
You worshipped Vehumet.
Vehumet was exalted by your worship.
You were not hungry.

You visited 8 branches of the dungeon, and saw 41 of its levels.
You also visited: Labyrinth, Ossuary, Bailey and Ice Cave.

You collected 5290 gold pieces.
You spent 2430 gold pieces at shops.

Inventory:

Hand Weapons
 r - the +0 hand axe "Fegelywu" {vamp, rN++}
   (You found it on level 14 of the Dungeon)

   It inflicts no extra harm, but heals its wielder somewhat when it strikes a
   living foe.
   It greatly protects you from negative energy.
 X - a +7 blowgun
Missiles
 y - 82 poisoned needles
Armour
 g - the +1 buckler of Kikubaaqudgha's Whim (worn) {rPois rC+}
   (You acquired it in a labyrinth)

   It protects you from cold.
   It protects you from poison.
 i - a +2 pair of gloves of strength (worn)
 p - the +4 ring mail of the Guild-Master (worn) {MR+ Regen+}
   (You found it in a bailey)

   It affects your resistance to hostile enchantments.
   It increases your rate of regeneration.
 J - a +2 cloak (worn)
 K - a +2 hat (worn)
 M - the +1 shield of the Old World {rF+ Int+2}
   (You took it off a deep elf death mage on level 3 of the Elven Halls)

   It affects your intelligence (+2).
   It protects you from fire.
Magical Staves
 a - an uncursed staff of energy (weapon)
 b - an uncursed staff of wizardry
Rods
 v - a +2 iron rod (12/12)
   (You took it off a deep elf death mage on level 3 of the Elven Halls)
Jewellery
 f - an amulet of resist corrosion (around neck)
 m - a ring of protection from magic (right hand)
 t - an uncursed ring of fire
 w - the ring "Sono Ufu" (left hand) {rC+ EV+3 Int+4 SInv}
   (You bought it in a shop on level 4 of the Orcish Mines)

   [ring of evasion]

   It affects your evasion (+3).
   It affects your intelligence (+4).
   It protects you from cold.
   It lets you see invisible.
 x - an uncursed ring of positive energy
 G - an uncursed ring of protection from cold
 O - a +6 ring of intelligence
 P - a +4 ring of protection
 Y - an uncursed amulet of resist mutation
Wands
 e - a wand of slowing (21)
 C - a wand of fireball (9)
 U - a wand of draining (6)
 V - a wand of hasting (3)
 W - a wand of teleportation (3)
Scrolls
 d - 8 scrolls of recharging
 j - 7 scrolls of fog
 k - 16 scrolls of remove curse
 l - a scroll of holy word
 n - 3 scrolls of amnesia
 F - 6 scrolls of enchant armour
 I - 2 scrolls of identify
 T - a scroll of magic mapping
Potions
 h - 6 potions of ambrosia
 o - 3 potions of resistance
 z - 2 potions of curing
 A - 2 potions of cure mutation
 B - 10 potions of brilliance
 R - 12 potions of agility
 S - a potion of magic
 Z - a potion of invisibility
Books
 u - a manual of Dodging
 E - a book of the Tempests

   Spells                             Type                      Level
   a - Static Discharge               Conjuration/Air              3
   b - Lightning Bolt                 Conjuration/Air              5
   c - Fireball                       Conjuration/Fire             5
   d - Tornado                        Air                          9
   e - Shatter                        Earth                        9
Miscellaneous
 s - a fan of gales
Comestibles
 c - 26 bread rations
 D - 15 meat rations


   Skills:
 - Level 10.4 Fighting
 - Level 13.5 Armour
 + Level 10.8 Dodging
 - Level 2.0 Stealth
 - Level 10.4 Shields
 - Level 19.4 Spellcasting
 - Level 15.1 Conjurations
 - Level 14.7 Necromancy
 - Level 3.9 Translocations
 + Level 21.3 Air Magic
 - Level 6.8 Evocations


You had 3 spell levels left.
You knew the following spells:

 Your Spells              Type           Power        Failure   Level  Hunger
a - Shock                 Conj/Air       ####         0%          1    None
b - Repel Missiles        Chrm/Air       ######       1%          2    None
c - Lightning Bolt        Conj/Air       #######...   1%          5    None
d - Mephitic Cloud        Conj/Pois/Air  #######.     1%          3    None
e - Irradiate             Conj/Trmt      ######....   1%          5    None
f - Blink                 Tloc           N/A          1%          2    None
g - Apportation           Tloc           ######....   1%          1    None
h - Iskenderun's Battles  Conj/Chrm      ######..     1%          5    None
i - Animate Skeleton      Necr           N/A          0%          1    None
j - Chain Lightning       Conj/Air       #######...   3%          8    None
k - Orb of Destruction    Conj           #######...   1%          7    None
l - Summon Butterflies    Summ           ####....     2%          1    None
m - Tukima's Dance        Hex            ####....     10%         3    None
n - Tornado               Air            ########..   11%         9    None
o - Regeneration          Chrm/Necr      ######....   1%          3    None


Dungeon Overview and Level Annotations

Branches:
Dungeon (15/15)            Temple (0/1) D:5            Lair (8/8) D:11
  Swamp (4/4) Lair:4       Spider (4/4) Lair:4        Slime (0/6) Lair:6
    Orc (4/4) D:10            Elf (3/3) Orc:4        Vaults (2/5) D:13
  Crypt (0/3) Vaults:2     Depths (1/5) D:15

Altars:
Ashenzari
Cheibriados
Fedhas
Kikubaaqudgha
Makhleb
Nemelex Xobeh
Ru
Trog
Vehumet
The Shining One
Beogh
Jiyva

Shops:
D:4 =   D:7 :   Orc:1 *   Orc:4 %[(=   Elf:3 }   Vaults:2 [   Depths:1 (

Portals:
Hell: Lair:8
Ziggurat: Depths:1

Annotations:
Vaults:2 Sojobo


Innate Abilities, Weirdness & Mutations

You have a beak for a mouth.
You have claws for feet.
You can fly continuously.
Your mind is acute. (Int +2)
You are clumsy. (Dex -2)
You passively map a small area around you.
You are covered in fur (AC +1).


Message History

The fireball explodes!
The fireball engulfs you!
Drink which item? (? for menu, Esc to quit)
You feel much better. The balrug gestures at you.
The sticky flame is repelled.
Casting: Lightning Bolt
Confirm with . or Enter, or press ? or * to list all spells.
You don't have enough magic to cast that spell.
The balrug gestures at you.
The fireball explodes!
The fireball engulfs you!
* * * LOW HITPOINT WARNING * * *
The balrug gestures at you. Something smites you!
* * * LOW HITPOINT WARNING * * *
There is a staircase back to the Dungeon, spattered with blood here.
Things that are here:
7 bolts of flame; 7 large rocks The balrug gestures at you.
Something smites you!
You die...

................:#
.................#
..........(.)....#
........[!..2....#
.................#
.................#
..............)..#
#..............[.#
##.............[@#
................(#
.................#
####'####.##.....#
#.# #.##.....#
####.####.##...[.#
...'.'....##...))#
.###.##...##...).#
.# #.##...##...).#


You could see a balrug.

Vanquished Creatures
  Jorgrun (Swamp:2)
  A lich (Vaults:1)
  A deep elf master archer (Elf:3)
  2 sphinxes (Vaults:1)
  Agnes (Spider:1)
  Kirke (Lair:6)
  The ghost of Geeful the Black Belt, an experienced HuWn of Makhleb (Swamp:4)
  2 thorn hunters (Swamp:4)
  The ghost of tijit the Impaler, an experienced MfGl of Okawaru (Swamp:4)
  2 fire giants (Depths:1)
  A tengu reaver (Vaults:1)
  An orc warlord (Orc:2)
  Maud (Lair:6)
  5 vault wardens
  6 ghost moths
  6 deep elf sorcerers
  9 emperor scorpions
  8 ironheart preservers
  A war gargoyle (Vaults:1)
  A very ugly thing (Swamp:2)
  A death ooze (Swamp:4)
  5 stone giants
  9 deep elf demonologists
  12 deep elf annihilators
  A dire elephant (Lair:8)
  A salamander stormcaller (Vaults:2)
  12 deep elf death magi
  A minotaur (Lab)
  Snorg (D:10)
  2 blizzard demons (IceCv)
  4 fire dragons
  10 vault guards
  2 green deaths (Swamp:4)
  2 great orbs of eyes
  6 yaktaur captains
  3 entropy weavers
  3 ghost crabs
  10 deep elf high priests (Elf:3)
  2 rakshasas
  2 hell beasts (Swamp:4)
  26 hydras
  6 centaur warriors
  A dancing weapon (Elf:2)
  10 death yaks
  A deep troll earth mage (Depths:1)
  A thrashing horror (Swamp:4)
  A tengu warrior (D:13)
  7 ogre magi
  7 alligators
  Urug (D:12)
  A deep troll shaman (Depths:1)
  A small abomination (Elf:3)
  Nergalle (Orc:1)
  3 sun demons
  2 iron trolls
  7 deep trolls
  8 skeletal warriors
  5 ice devils (IceCv)
  A fire crab (Vaults:1)
  19 deep elf knights
  3 unseen horrors
  A fire crab (shapeshifter) (Vaults:2)
  2 spriggan druids (Swamp:2)
  3 shambling mangroves
  An ice statue (IceCv)
  3 swamp dragons
  2 wizards
  7 deep elf summoners
  5 giant orange brains
  Pikel (D:4)
  3 hill giants
  7 ironbrand convokers
  15 deep elf conjurers
  9 orc knights
  7 griffons
  23 orb spiders
  15 hornets
  7 moths of wrath
  51 wolf spiders
  6 orc sorcerers
  55 ugly things
  7 oklob plants (Lair:2)
  15 elephants
  2 manticores
  A smoke demon (Lair:8)
  Maurice (Orc:2)
  A black mamba (shapeshifter) (Vaults:1)
  8 cyclopes
  30 spiny frogs
  3 black mambas
  4 vault sentinels
  4 torpor snails
  The ghost of Ghalim the Cudgeler, a novice HuFi (D:4)
  A gargoyle (D:14)
  7 kobold demonologists
  9 orange demons
  An anaconda simulacrum (IceCv)
  15 demonic crawlers
  An efreet (D:14)
  15 komodo dragons
  A fire drake (shapeshifter) (Vaults:1)
  5 tengu conjurers
  A golden dragon simulacrum (IceCv)
  17 yaktaurs
  8 two-headed ogres
  A red devil (Lair:8)
  9 trolls
  8 fire drakes
  11 deep elf priests
  2 giant leeches
  53 jumping spiders
  2 blue devils (Lair:8)
  A polar bear (Lair:5)
  Prince Ribbit (D:6)
  8 freezing wraiths
  4 boulder beetles
  40 slime creatures
  25 blink frogs
  3 shadows
  5 spriggans
  19 tarantellas
  47 redbacks
  4 wyverns
  3 air elementals
  33 deep elf fighters
  A dire elephant simulacrum (IceCv)
  34 deep elf magi
  17 trapdoor spiders
  3 hungry ghosts
  3 wraiths
  A vampire (Vaults:2)
  4 fire bats (Lair:2)
  68 yaks
  4 basilisks
  5 hogs
  26 vampire mosquitoes
  A death yak simulacrum (IceCv)
  A human (D:13)
  9 hippogriffs
  2 iron troll simulacra (IceCv)
  20 wolves
  5 insubstantial wisps (Swamp:2)
  2 mottled dragons
  20 porcupines
  A soldier ant (shapeshifter) (D:15)
  24 swamp worms
  5 harpy simulacra (IceCv)
  4 wargs
  17 water moccasins
  A slave (D:4)
  A hell hound (Lair:8)
  10 swamp drakes
  A large abomination (Swamp:4)
  51 spiders
  A wasp (shapeshifter) (Vaults:1)
  44 orc warriors
  3 black bears
  2 hydra simulacra (IceCv)
  3 ettin simulacra (IceCv)
  A necrophage (D:8)
  2 ice beasts
  14 wasps
  27 centaurs
  4 sky beasts
  3 phantoms
  7 boggarts
  30 ogres
  27 giant frogs
  4 big kobolds
  14 crocodiles
  A brain worm (D:13)
  A wyvern zombie (D:14)
  5 scorpions
  A water moccasin skeleton (D:4)
  17 wights
  5 killer bees (D:8)
  A troll skeleton (Lab)
  6 electric eels
  2 jellies
  19 orc priests
  10 bog bodies
  8 giant frog zombies
  9 crimson imps
  7 centaur skeletons
  2 draconian simulacra (IceCv)
  7 centaur zombies
  5 giant frog skeletons
  7 hounds
  Jessica (D:2)
  Natasha (thrice) (D:2)
  33 orc wizards
  12 worker ants
  8 iguanas
  A troll simulacrum (IceCv)
  11 hell rats
  2 polar bear simulacra (IceCv)
  53 sheep
  2 killer bee zombies
  4 centaur simulacra (IceCv)
  An ogre skeleton (Lab)
  A hound zombie (Ossuary)
  3 mummies (Ossuary)
  3 worker ant zombies (Ossuary)
  13 adders
  2 gnolls (Bailey)
  73 river rats
  A naga simulacrum (IceCv)
  An ogre simulacrum (IceCv)
  5 white imps (IceCv)
  5 shadow imps
  7 ufetubi (IceCv)
  An ooze (D:2)
  2 adder skeletons
  4 adder zombies
  3 worms
  4 giant geckos
  196 orcs
  5 bats (D:3)
  4 giant cockroaches
  7 hobgoblins
  11 jackals
  3 quokkas
  3 ball pythons
  A giant cockroach zombie (Ossuary)
  A giant gecko zombie (Ossuary)
  3 giant newts (D:2)
  7 goblins
  37 kobolds
  5 quokka zombies
  11 rats
  2 briar patches (Swamp:4)
  2 crawling corpses (Elf:3)
  4 fungi
  11 plants
2125 creatures vanquished.

Vanquished Creatures (collateral kills)
  A tengu reaver (Vaults:2)
  A vault warden (Vaults:1)
  An ettin (Depths:1)
  A vault guard (Vaults:2)
  An ogre mage (Vaults:2)
  3 tengu warriors
  A spriggan air mage (D:15)
  An ironbrand convoker (Vaults:1)
  A wolf spider (Spider:2)
  2 vault sentinels
  A yaktaur (Vaults:2)
  2 two-headed ogres (Depths:1)
  2 spriggans (Swamp:2)
  A deep elf fighter (D:13)
  2 wasps (Swamp:2)
  9 ogres
30 creatures vanquished.

Vanquished Creatures (others)
  11 dancing weapons
  A slime creature (Swamp:4)
  A human (Lair:8)
  A vampire mosquito (Swamp:2)
  An ogre (Depths:1)
  A crocodile (Lair:8)
  A hound (D:4)
  An ooze (D:4)
  A giant gecko (D:4)
  5 orcs
  50 fungi
  13 plants
87 creatures vanquished.

Grand Total: 2242 creatures vanquished

Notes
Turn   | Place    | Note
--------------------------------------------------------------
     0 | D:1      | Geeful the Tengu Air Elementalist began the quest for the Orb.
     0 | D:1      | Reached XP level 1. HP: 10/10 MP: 4/4
   199 | D:1      | Found a sparkling altar of Nemelex Xobeh.
   434 | D:1      | Reached XP level 2. HP: 15/15 MP: 6/6
   693 | D:1      | Found an ancient bone altar of Kikubaaqudgha.
   883 | D:2      | Noticed Jessica
   886 | D:2      | Killed Jessica
   886 | D:2      | Reached XP level 3. HP: 19/19 MP: 1/8
  1102 | D:2      | Noticed Natasha
  1110 | D:2      | Killed Natasha
  1110 | D:2      | Reached XP level 4. HP: 24/24 MP: 6/9
  1162 | D:2      | Found a glowing golden altar of the Shining One.
  1202 | D:2      | Reached skill level 5 in Air Magic
  1226 | D:2      | Noticed Natasha
  1469 | D:2      | Killed Natasha
  1482 | D:2      | Gained mutation: You can fly. [Tengu growth]
  1482 | D:2      | Reached XP level 5. HP: 10/28 MP: 1/10
  1530 | D:2      | Noticed an ice beast
  1552 | D:2      | Noticed Natasha
  1552 | D:2      | Killed Natasha
  1861 | D:2      | Learned a level 2 spell: Repel Missiles
  1959 | D:2      | Killed an ice beast
  2249 | D:3      | Reached XP level 6. HP: 27/32 MP: 5/12
  2389 | D:3      | Found a snail-covered altar of Cheibriados.
  2389 | D:3      | Found a radiant altar of Vehumet.
  2402 | D:3      | Became a worshipper of Vehumet
  2945 | D:3      | Reached skill level 6 in Air Magic
  3385 | D:4      | Found Ingasyul's Jewellery Shoppe.
  3508 | D:4      | Reached skill level 5 in Conjurations
  3566 | D:4      | Noticed Ghalim's ghost (novice HuFi)
  3576 | D:3      | Gained mutation: Your mind is acute. (Int +2) [potion of mutation]
  3576 | D:3      | Gained mutation: You are covered in fur (AC +1). [potion of mutation]
  3576 | D:3      | Gained mutation: You are clumsy. (Dex -2) [potion of mutation]
  3885 | D:4      | Killed Ghalim's ghost
  3885 | D:4      | Reached skill level 7 in Air Magic
  3885 | D:4      | Reached XP level 7. HP: 20/36 MP: 4/14
  4115 | D:4      | Noticed Pikel
  4139 | D:4      | Killed Pikel
  4139 | D:4      | Reached skill level 5 in Spellcasting
  4139 | D:4      | Reached skill level 8 in Air Magic
  4139 | D:4      | Reached XP level 8. HP: 36/41 MP: 8/17
  4200 | D:4      | Learned a level 5 spell: Lightning Bolt
  4708 | D:4      | Bought an uncursed ring of see invisible for 210 gold pieces
  4990 | D:5      | Entered Level 5 of the Dungeon
  5322 | D:5      | Reached skill level 9 in Air Magic
  5516 | D:5      | Found a staircase to the Ecumenical Temple.
  5725 | D:5      | Reached piety under Vehumet
  5725 | D:5      | Offered knowledge of Sandblast by Vehumet.
  6167 | D:5      | Reached XP level 9. HP: 45/45 MP: 19/19
  6234 | D:5      | Found a bloodstained altar of Trog.
  6744 | D:6      | Found a blossoming altar of Fedhas.
  6803 | D:6      | Found a burning altar of Makhleb.
  6831 | D:6      | Got an ancient robe
  6835 | D:6      | Identified the +0 robe of Paranoia {rF- rN++ Regen+} (You found it on level 6 of the Dungeon)
  6992 | D:6      | Noticed Prince Ribbit
  7003 | D:6      | Reached skill level 10 in Air Magic
  7053 | D:6      | Offered knowledge of Magic Dart by Vehumet.
  7105 | D:6      | Killed Prince Ribbit
  8130 | D:7      | Reached skill level 1 in Shields
  8281 | D:7      | Offered knowledge of Mephitic Cloud by Vehumet.
  8382 | D:7      | Learned a level 3 spell: Mephitic Cloud
  8414 | D:7      | Found a shattered altar of Ashenzari.
  8896 | D:7      | Found Raemm's Book Boutique.
  8917 | D:7      | Found a sacrificial altar of Ru.
  9127 | D:8      | Reached skill level 10 in Conjurations
  9129 | D:8      | Reached XP level 10. HP: 50/50 MP: 14/22
  9322 | D:8      | Found a sand-covered staircase.
  9330 | Ossuary  | Entered an ossuary
  9578 | Ossuary  | Reached ** piety under Vehumet
  9606 | Ossuary  | Reached skill level 11 in Air Magic
 10225 | D:8      | Offered knowledge of Dazzling Spray by Vehumet.
 11340 | D:8      | Reached *** piety under Vehumet
 11848 | D:9      | Offered knowledge of Throw Icicle by Vehumet.
 12433 | D:10     | Entered Level 10 of the Dungeon
 12435 | D:10     | Found a staircase to the Orcish Mines.
 12480 | D:10     | Noticed a hill giant
 12495 | D:10     | Killed a hill giant
 12495 | D:10     | Reached skill level 5 in Dodging
 12789 | D:10     | Reached XP level 11. HP: 39/54 MP: 24/24
 13033 | D:10     | Noticed Snorg
 13320 | D:10     | Killed Snorg
 13613 | D:10     | Offered knowledge of Irradiate by Vehumet.
 13756 | D:10     | Learned a level 5 spell: Irradiate
 14052 | D:11     | Noticed an unseen horror
 14062 | D:11     | Killed an unseen horror
 14118 | D:11     | Found a staircase to the Lair.
 14211 | D:11     | Noticed a six-headed hydra
 14225 | D:11     | Killed a six-headed hydra
 14647 | D:11     | Reached skill level 10 in Dodging
 15181 | D:11     | Identified a scroll of acquirement
 15198 | D:11     | Upgraded the game from 0.17-a0-2006-g94b6906 to 0.17-a0-2014-g32cd421
 15250 | D:12     | Reached skill level 1 in Evocations
 15251 | D:12     | Reached skill level 1 in Fighting
 15308 | D:12     | Reached XP level 12. HP: 45/62 MP: 22/26
 15948 | D:12     | Noticed Urug
 15964 | D:12     | Killed Urug
 16089 | D:12     | Identified the Grimoire of Companions and Clay
 16519 | D:13     | Noticed an eight-headed hydra
 16730 | Lair:1   | Entered Level 1 of the Lair of Beasts
 17583 | Lair:1   | Noticed an eight-headed hydra
 17599 | Lair:1   | Killed an eight-headed hydra
 17877 | Lair:1   | Offered knowledge of Poison Arrow by Vehumet.
 17877 | Lair:1   | Reached skill level 5 in Evocations
 17881 | Lair:1   | Reached skill level 5 in Fighting
 19868 | Lair:2   | Reached skill level 12 in Air Magic
 19995 | Lair:2   | Reached XP level 13. HP: 76/76 MP: 10/27
 20267 | Lair:2   | Learned a level 2 spell: Blink
 20499 | Lair:3   | HP: 1/78 [six-headed hydra (11)]
 21026 | Lair:3   | Reached skill level 13 in Air Magic
 22565 | Lair:3   | Reached skill level 14 in Air Magic
 22910 | Lair:3   | Offered knowledge of Iskenderun's Battlesphere by Vehumet.
 23296 | Lair:4   | Learned a level 1 spell: Apportation
 23521 | Lair:4   | Reached skill level 10 in Fighting
 23533 | Lair:4   | Found a hole to the Spider Nest.
 23595 | Lair:4   | Learned a level 5 spell: Iskenderun's Battlesphere
 24163 | Lair:4   | Found a staircase to the Swamp.
 24262 | Lair:4   | Reached skill level 15 in Air Magic
 24389 | Lair:4   | Learned a level 1 spell: Animate Skeleton
 24413 | Lair:4   | Reached skill level 1 in Necromancy
 24413 | Lair:4   | Gained mutation: You can fly continuously. [Tengu growth]
 24413 | Lair:4   | Reached XP level 14. HP: 88/88 MP: 20/28
 25408 | Lair:4   | Reached skill level 5 in Necromancy
 25819 | Lair:5   | Reached skill level 1 in Translocations
 26778 | Lair:6   | Found a staircase to the Slime Pits.
 26778 | Lair:6   | Found a viscous altar of Jiyva.
 26874 | Lair:6   | Reached skill level 10 in Spellcasting
 27298 | Lair:6   | Offered knowledge of Conjure Ball Lightning by Vehumet.
 27319 | Lair:6   | Learned a level 6 spell: Conjure Ball Lightning
 27489 | Lair:6   | Noticed Maud
 27523 | Lair:6   | Killed Maud
 29133 | Lair:7   | Noticed Kirke
 29872 | Lair:5   | Offered knowledge of Orb of Destruction by Vehumet.
 30245 | Lair:6   | Killed Kirke
 30245 | Lair:6   | Reached XP level 15. HP: 69/93 MP: 11/30
 30606 | Lair:8   | Entered Level 8 of the Lair of Beasts
 33029 | Lair:8   | Reached skill level 15 in Conjurations
 33383 | Lair:8   | Found a burning altar of Makhleb.
 33389 | Lair:8   | Found a gateway to Hell.
 33760 | Lair:3   | Learned a level 7 spell: Orb of Destruction
 33995 | Orc:1    | Entered Level 1 of the Orcish Mines
 34005 | Orc:1    | Noticed Nergalle
 34018 | Orc:1    | Killed Nergalle
 34198 | Orc:1    | Offered knowledge of Spellforged Servitor by Vehumet.
 34453 | Orc:1    | Found Tunic's General Store.
 34459 | Orc:1    | Bought a potion of curing for 42 gold pieces
 34713 | Orc:2    | Noticed Maurice
 34722 | Orc:2    | Killed Maurice
 36299 | Orc:4    | Entered Level 4 of the Orcish Mines
 36299 | Orc:4    | Found a staircase to the Elven Halls.
 37042 | Orc:4    | Paralysed by an orc sorcerer for 6 turns
 37231 | Orc:3    | Offered knowledge of Bolt of Cold by Vehumet.
 38131 | Orc:4    | Found Mafy's Antique Weapon Emporium.
 38131 | Orc:4    | Found Xuse's Armour Boutique.
 38133 | Orc:4    | Found Wystridwa's Food Shop.
 38135 | Orc:4    | Found Jijaiwa's Jewellery Shoppe.
 38141 | Orc:4    | Bought the ring "Sono Ufu" {rC+ EV+3 Int+4 SInv} for 523 gold pieces
 38522 | Orc:4    | Reached skill level 1 in Armour
 38936 | Orc:2    | Reached XP level 16. HP: 95/98 MP: 34/34
 39006 | D:13     | Killed an eight-headed hydra
 39463 | D:13     | Noticed a tengu warrior
 39471 | D:13     | Killed a tengu warrior
 39597 | D:13     | Noticed a vault guard
 39609 | D:13     | Killed a vault guard
 39688 | D:13     | Noticed an ogre mage
 39740 | D:13     | Killed an ogre mage
 39750 | D:13     | Noticed a vault guard
 39751 | D:13     | Noticed a vault guard
 39756 | D:13     | Noticed a vault guard
 39758 | D:13     | Killed a vault guard
 39759 | D:13     | Killed a vault guard
 39767 | D:13     | Killed a vault guard
 39902 | D:13     | Found a gate to the Vaults.
 39921 | D:13     | Noticed a vault guard
 39928 | D:13     | Killed a vault guard
 40358 | D:14     | Reached skill level 5 in Armour
 40435 | D:14     | Found a flagged portal.
 40444 | Bailey   | Entered a bailey
 40529 | Bailey   | Offered knowledge of Lehudib's Crystal Spear by Vehumet.
 40529 | Bailey   | Offered knowledge of Fire Storm by Vehumet.
 40529 | Bailey   | Offered knowledge of Chain Lightning by Vehumet.
 40683 | Bailey   | Got a pitted lead ring
 40685 | Bailey   | Identified the ring "Ricuh" {+Fly Int+3} (You found it in a bailey)
 40702 | Bailey   | Got an ancient ring mail
 40714 | Bailey   | Identified the +4 ring mail of the Guild-Master {MR+ Regen+} (You found it in a bailey)
 40754 | D:14     | Got a slimy hand axe
 40755 | D:14     | Identified the cursed +0 hand axe "Fegelywu" {vamp, rN++} (You found it on level 14 of the Dungeon)
 42089 | D:15     | Entered Level 15 of the Dungeon
 42167 | D:15     | Found a labyrinth entrance.
 42176 | Lab      | Entered a labyrinth
 43839 | Lab      | Got a translucent hand axe {speed}
 43839 | Lab      | Got a heavily runed chain mail
 43844 | Lab      | Identified the +9 hand axe "Onamunuh" {speed, Str+4} (You took it off a minotaur in a labyrinth)
 43845 | Lab      | Identified the +7 chain mail of the Lion {Dex+2} (You took it off a minotaur in a labyrinth)
 43849 | Lab      | Got a pitted buckler
 43860 | Lab      | Identified the +1 buckler of Kikubaaqudgha's Whim {rPois rC+} (You acquired it in a labyrinth)
 43875 | Lab      | Got a tiger eye-encrusted scale mail
 43876 | Lab      | Identified the +6 scale mail of Experimentation {+Blink Str-2 Dex+4} (You found it in a labyrinth)
 44948 | D:15     | Got a pair of dazzling gloves
 44959 | D:15     | Identified the +2 pair of gloves of Noughts and Crosses {Slay+2} (You acquired it on level 15 of the Dungeon)
 45649 | D:14     | Learned a level 8 spell: Chain Lightning
 45669 | D:14     | Reached XP level 17. HP: 97/103 MP: 22/36
 45923 | D:15     | Reached skill level 15 in Spellcasting
 46118 | D:15     | Found a staircase to the Depths.
 46471 | Spider:1 | Entered Level 1 of the Spider Nest
 46785 | Lair:4   | Upgraded the game from 0.17-a0-2014-g32cd421 to 0.17-a0-2024-gc284f19
 46823 | Swamp:1  | Entered Level 1 of the Swamp
 47084 | Swamp:1  | Got a transparent mace
 47186 | Swamp:1  | Reached skill level 10 in Armour
 47299 | Swamp:1  | Found a frozen archway.
 47308 | IceCv    | Entered an ice cave
 48167 | IceCv    | Gained mutation: You passively map a small area around you. [potion of beneficial mutation]
 48730 | IceCv    | Got a scorched ring mail
 48735 | IceCv    | Identified the cursed +0 mace of Demand {elec, rC+ Int-5 Stlth+} (You found it on level 1 of the Swamp)
 48766 | IceCv    | Identified the +5 ring mail "Awesont" {+Inv +Fly rPois Stlth+} (You found it in an ice cave)
 48781 | IceCv    | Learned a level 1 spell: Summon Butterflies
 48785 | IceCv    | Learned a level 3 spell: Tukima's Dance
 50081 | Swamp:2  | Noticed Jorgrun
 50094 | Swamp:2  | Killed Jorgrun
 51280 | Swamp:2  | Reached skill level 16 in Spellcasting
 51500 | Swamp:2  | Upgraded the game from 0.17-a0-2024-gc284f19 to 0.17-a0-2027-gcac42c4
 53111 | Swamp:4  | Entered Level 4 of the Swamp
 53780 | Swamp:4  | Noticed Geeful's ghost (experienced HuWn)
 53785 | Swamp:4  | Killed Geeful's ghost
 53785 | Swamp:4  | Reached XP level 18. HP: 108/108 MP: 19/39
 53796 | Swamp:4  | Noticed tijit's ghost (experienced MfGl)
 54655 | Swamp:4  | Killed tijit's ghost
 56633 | Swamp:4  | Got a faintly humming ring mail
 56634 | Swamp:4  | Identified the +2 ring mail of Huoligey {rF- MP+9 Str+9 Stlth+} (You found it on level 4 of the Swamp)
 56672 | Swamp:4  | Got a decaying rune of Zot
 56729 | Swamp:3  | Upgraded the game from 0.17-a0-2027-gcac42c4 to 0.17-a0-2055-gb4e23be
 57704 | Spider:1 | Reached skill level 17 in Spellcasting
 58013 | Spider:1 | Found a roughly hewn altar of Beogh.
 58243 | Spider:2 | Noticed Agnes
 58371 | Spider:1 | Killed Agnes
 58640 | Spider:2 | Upgraded the game from 0.17-a0-2055-gb4e23be to 0.17-a0-2072-g8d4e3f9
 60409 | Spider:3 | Reached XP level 19. HP: 94/113 MP: 35/41
 61849 | Spider:4 | Entered Level 4 of the Spider Nest
 64476 | Spider:2 | Reached skill level 10 in Necromancy
 65108 | Spider:3 | Reached skill level 18 in Air Magic
 66575 | Spider:4 | Reached XP level 20. HP: 114/118 MP: 36/43
 66908 | Spider:4 | Got a gossamer rune of Zot
 67563 | Vaults:1 | Entered Level 1 of the Vaults
 68369 | Vaults:1 | Reached skill level 5 in Shields
 68520 | Vaults:1 | Found a sparkling altar of Nemelex Xobeh.
 68853 | Vaults:1 | Reached skill level 19 in Air Magic
 69003 | Vaults:1 | Got a slimy scimitar
 69004 | Vaults:1 | Identified the cursed +3 scimitar of Insufficient Pleasure {vamp, +Inv} (You found it on level 1 of the Vaults)
 70814 | Vaults:2 | Found a staircase to the Crypt.
 71528 | Vaults:2 | Reached XP level 21. HP: 116/123 MP: 19/44
 71632 | Vaults:2 | Found Xuaveeg's Antique Armour Shoppe.
 72593 | Vaults:2 | Noticed Sojobo
 72926 | Depths:1 | Entered Level 1 of the Depths
 73667 | Depths:1 | Reached skill level 20 in Air Magic
 74524 | Depths:1 | Found a gateway to a ziggurat.
 74967 | D:15     | Upgraded the game from 0.17-a0-2072-g8d4e3f9 to 0.17-a0-2079-g2563267
 75385 | Depths:1 | Found Olimelukh's Weapon Shoppe.
 75527 | Depths:1 | Upgraded the game from 0.17-a0-2079-g2563267 to 0.17-a0-2092-gdeefcea
 75982 | Elf:1    | Entered Level 1 of the Elven Halls
 76022 | Orc:4    | Bought an uncursed ring of protection from magic for 275 gold pieces
 78025 | Elf:1    | Upgraded the game from 0.17-a0-2092-gdeefcea to 0.17-a0-2098-gf59d6bc
 79498 | Elf:2    | Found a huge runed gate.
 79500 | Elf:2    | Found a huge runed gate.
 79503 | Elf:2    | Found a huge runed gate.
 79764 | Elf:3    | Entered Level 3 of the Elven Halls
 80121 | Elf:3    | Got a bound golden amulet
 80157 | Elf:3    | Found Kanwolun's Gadget Shop.
 80165 | Elf:3    | Bought a wand of hasting (4) for 960 gold pieces
 80165 | Elf:3    | Bought a wand of teleportation (3) for 420 gold pieces
 80176 | Elf:3    | Identified the amulet of Ymejymur {rMut +Inv rC- Int+4 Slay+6} (You took it off a deep elf mage on level 3 of the Elven Halls)
 80993 | Elf:3    | Reached XP level 22. HP: 128/128 MP: 28/46
 81426 | Elf:3    | Got a translucent shield
 81444 | Elf:3    | Identified the +1 shield of the Old World {rF+ Int+2} (You took it off a deep elf death mage on level 3 of the Elven Halls)
 82352 | Elf:3    | Reached skill level 21 in Air Magic
 82615 | Elf:3    | Reached skill level 10 in Shields
 83344 | Elf:3    | Got a steaming morningstar {drain}
 83348 | Elf:3    | Identified the +2 morningstar "Beastslayer" {drain, Int+2} (You took it off a deep elf sorcerer on level 3 of the Elven Halls)
 83936 | Elf:3    | Got a pair of brightly glowing gloves
 83939 | Elf:3    | Identified the +1 pair of gloves "Uvubesch" {rC+ MR- Stlth+} (You found it on level 3 of the Elven Halls)
 84009 | Elf:3    | Learned a level 9 spell: Tornado
 84140 | Elf:3    | Identified the Volume of Doomed Good Luck (You found it on level 3 of the Elven Halls)
 84145 | Elf:3    | Learned a level 3 spell: Regeneration
 85108 | Depths:1 | HP: 5/128 [balrug/divine providence (12)]
 85109 | Depths:1 | Killed from afar by a balrug

Vault maps used:
D:1:      nicolae_arrival_washed_ashore, kennysheep_flooded_box, minivault_24,
          nemelex_xobeh_ov_fountains_minmay
D:2:      tso_metal_star, uniq_natasha, uniq_jessica
D:3:      gammafunk_temple_overflow_pools, kennysheep_pointless_box
D:4:      serial_shops, nicolae_shop_behind_doors, first_bread, minivault_23,
          uniq_pikel
D:5:      mumra_celtic_spiral_tile, lightli_temple_of_fire,
          minmay_temple_entry_trees
D:6:      bloody_makhleb, fedhas_altar_fruit_tree, uniq_prince_ribbit1
D:7:      nicolae_ru_the_path_less_chosen, ashenzari_conservatory_becter,
          serial_shops, kennysheep_little_box
D:8:      enter_ossuary_4, blue_anna_alchemist
D:10:     orc_0_dummy, grunt_decor_arrowhead, uniq_snorg
D:11:     minmay_lair_entry_lava, minmay_misc_feat_room
D:12:     uniq_urug
D:13:     grunt_vaults_entry_fortified, kennysheep_minor_cross
D:14:     hangedman_decor_push, enter_bailey_2
D:15:     grunt_enter_depths_hoard, lab_entry_generic, dk_noncrumbling_4
Lair:2:   minmay_lair_oklob_tunnel, hangedman_lair_unloving_vines
Lair:3:   forest_paths, beast_lair_carwin_8
Lair:4:   swamp_mist_pool, dummy_spider_entry
Lair:5:   serial_bayou_lagoon_b
Lair:6:   slime_altar_1, grunt_megastairs_2, uniq_maud
Lair:7:   minivault_23, uniq_kirke
Lair:8:   evil_forest, serial_bayou_shore_a
Swamp:1:  portal_ice_cave_entry_pillars_03, wheals_swamp_sinkhole, swamp_pool3,
          infiniplex_staircase_pool_2
Swamp:2:  serial_swamp_ruin, evilmike_swamp_ruin_wall,
          evilmike_swamp_ruin_house_1, evilmike_swamp_ruin_rubble_2,
          swamp_pool3, hangedman_swamp_cone, uniq_jorgrun
Swamp:3:  evilmike_swamp_ruin_house_3
Swamp:4:  swamp_vile
Spider:1: nicolae_spider_mines_2, hangedman_spider_mandibles
Spider:2: nicolae_spider_circle_web, uniq_agnes
Spider:4: guppyfry_spider_rune, spider_trap
Orc:1:    serial_shops, nicolae_shop_stone, uniq_nergalle
Orc:2:    uniq_maurice
Orc:3:    nicolae_orc_pool_cavern
Orc:4:    st_orc_rangers
Elf:1:    hangedman_elf_disciples, st_stairs_11
Elf:3:    minmay_elf_hall_hex, serial_shops, shop
Vaults:1: vaults_room_hangedman_quadrants, v_misc_15,
          nicolae_vaults_twisting_passages, hangedman_vaults_pinch, v_rooms_6,
          v_alt_pattern_4, nicolae_vaults_theta, vaults_room_stairs_pillars,
          hangedman_vaults_nodes, grunt_vaults_funnel,
          nicolae_vaults_little_squares_2, ontoclasm_vaults_shuriken, v_misc_26,
          basic_altar
Vaults:2: minmay_crypt_entry_simple_round, hangedman_vaults_capsules,
          ontoclasm_vaults_twist, v_alt_pattern_1, vaults_room_octagon,
          hangedman_vaults_corner_blocks, ontoclasm_vaults_chip,
          nicolae_vaults_alarming, serial_shops, shop, uniq_sojobo
Depths:1: enter_ziggurat_e, lightli_too_deep, serial_shops, shop,
          serial_sigils_hangedman_confine, minmay_door_square, glass_columns_a,
          hex_large, minmay_gold_behind_fungi, nicolae_elemental_shop
Lab:      labyrinth_spiral, nicolae_lab_swirl, labyrinth_glass_1,
          labyrinth_skeletal_remains, nicolae_lab_checkerboard, lab_statue
Ossuary:  ossuary_zaba_flooded
Bailey:   bailey_axe_1, bailey
IceCv:    ice_cave_caverns_03

Action                   |  1- 3 |  4- 6 |  7- 9 | 10-12 | 13-15 | 16-18 | 19-21 | 22-24 || total
-------------------------+-------+-------+-------+-------+-------+-------+-------+-------++-------
Melee: Dagger            |    32 |   124 |    66 |   278 |       |       |       |       ||   500
       Morningstar       |       |       |       |   124 |   410 |   468 |   357 |       ||  1359
       Staff             |       |       |       |       |   318 |    25 |    55 |       ||   398
       Unarmed           |       |       |       |       |    11 |       |       |       ||    11
       Hand axe          |       |       |       |       |       |       |    31 |    25 ||    56
 Fire: Blowgun           |       |       |       |    12 |    48 |    84 |    84 |       ||   228
Throw: Tomahawk          |     4 |       |       |       |       |       |       |       ||     4
       Throwing net      |       |       |       |       |       |       |     1 |       ||     1
 Cast: Shock             |    18 |    68 |   200 |   552 |   399 |    92 |     2 |       ||  1331
       Repel Missiles    |       |     1 |       |     1 |     6 |     2 |     7 |     1 ||    18
       Lightning Bolt    |       |       |    11 |   101 |   377 |   731 |   739 |   182 ||  2141
       Mephitic Cloud    |       |       |       |     1 |    11 |    30 |    26 |       ||    68
       Irradiate         |       |       |       |       |    45 |    17 |    11 |       ||    73
       Iskenderun's Batt |       |       |       |       |     1 |       |       |       ||     1
       Orb of Destructio |       |       |       |       |     2 |    23 |    46 |     5 ||    76
       Tukima's Dance    |       |       |       |       |       |     1 |    94 |       ||    95
       Blink             |       |       |       |       |       |       |     1 |       ||     1
       Animate Skeleton  |       |       |       |       |       |       |     3 |       ||     3
 Abil: Fly               |       |       |       |     1 |     1 |     1 |     1 |       ||     4
       Stop Flying       |       |       |       |       |       |       |     1 |       ||     1
Evoke: Wand              |       |     3 |    24 |     9 |       |    16 |     8 |     4 ||    64
       Staff of energy   |       |       |       |     1 |    46 |    90 |    23 |       ||   160
       Rod               |       |       |       |       |     3 |       |     3 |       ||     6
       Fan of gales      |       |       |       |       |       |     1 |     1 |       ||     2
  Use: Potion            |       |     8 |       |     7 |     4 |     5 |    10 |     3 ||    37
       Scroll            |       |     2 |     6 |    17 |    13 |    25 |     9 |     8 ||    80
 Stab: Sleeping          |     2 |     7 |     4 |     4 |       |       |     1 |       ||    18
       Confused          |       |       |       |       |     3 |     5 |     4 |       ||    12
       Distracted        |       |       |       |       |     1 |     2 |     1 |       ||     4
  Eat: Chunk             |       |     9 |    12 |    44 |    55 |    40 |    47 |    11 ||   218
       Meat ration       |       |       |     1 |     1 |       |       |     2 |       ||     4
       Pizza             |       |       |     1 |       |     1 |     1 |       |     1 ||     4
       Beef jerky        |       |       |       |     2 |     5 |     2 |     1 |       ||    10
       Fruit             |       |       |       |     2 |       |    29 |    13 |       ||    44
       Royal jelly       |       |       |       |       |       |       |     1 |       ||     1
